| TOP OF THE 1ST |
|
Brooklyn Cyclones batting - Pitching for Tri-City Dust Devils : RHP Roger Watkins
|
|
Pitching: RHP Roger Watkins
|
|
|
Batting: LHB Matt Baker
|
0-0: Ball 1-0: Called Strike 1-1: Foul Ball, location: 2F 1-2: Foul Ball, location: 2F 1-2: Strikes out swinging, 2-3 out at first.
|
|
Batting: LHB Elmo Dreier
|
0-0: Ball 1-0: Ball 2-0: Ball 3-0: Base on Balls
|
|
Batting: RHB Sang-ton Pak
|
0-0: Ball Pickoff Throw to First - Out! 1-3 1-0: Called Strike 1-1: Ball 2-1: Swinging Strike 2-2: Strikes out swinging
|
| Top of the 1st over - 0 runs, 0 hits, 0 errors, 0 left on base; Brooklyn 0 - Tri-City 0 |
| BOTTOM OF THE 1ST |
|
Tri-City Dust Devils batting - Pitching for Brooklyn Cyclones : RHP Sandro Fibonacci
|
|
Pitching: RHP Sandro Fibonacci
|
|
|
Batting: RHB Ben Hoffman
|
0-0: Ball 1-0: Ball 2-0: Foul Ball, location: 2F 2-1: TRIPLE (Line Drive, 89XD, EV 100.0 MPH)
|
|
Batting: SHB Cesar Arteaga
|
0-0: Ball Passed Ball! Ben Hoffman scores 1-0: SOLO HOME RUN (Flyball, 9D, EV 97.5 MPH), Distance : 373 ft
|
|
Batting: RHB Yuusei Narita
|
0-0: Ground out 5-3 (Groundball, 56S, EV 78.8 MPH)
|
|
Batting: LHB Justin Rankin
|
0-0: Ball 1-0: Swinging Strike 1-1: Reached on error, E1 (Groundball, 13S, EV 69.4 MPH)
|
|
Batting: RHB Andy Solorzano
|
0-0: Called Strike 0-1: Foul Ball, location: 2F 0-2: Ball 1-2: Ball 2-2: Grounds into double play, 4-6-3 (Groundball, 4, EV 104.4 MPH)
|
| Bottom of the 1st over - 2 runs, 2 hits, 1 error, 0 left on base; Brooklyn 0 - Tri-City 2 |
| TOP OF THE 2ND |
|
Brooklyn Cyclones batting - Pitching for Tri-City Dust Devils : RHP Roger Watkins
|
|
Batting: RHB Bill Crogan
|
0-0: Swinging Strike 0-1: Ball 1-1: Swinging Strike 1-2: Strikes out swinging
|
|
Batting: RHB Prabhukumar Santhanakrishnan
|
0-0: Called Strike 0-1: Foul Ball, location: 2F 0-2: Ball 1-2: Ground out 5-3 (Groundball, 56S, EV 68.8 MPH)
|
|
Batting: RHB Rich Cracchiolo
|
0-0: Ball 1-0: Ball 2-0: Ball 3-0: Called Strike 3-1: Called Strike 3-2: Fly out, F9 (Flyball, 89D, EV 106.2 MPH)
|
| Top of the 2nd over - 0 runs, 0 hits, 0 errors, 0 left on base; Brooklyn 0 - Tri-City 2 |
| BOTTOM OF THE 2ND |
|
Tri-City Dust Devils batting - Pitching for Brooklyn Cyclones : RHP Sandro Fibonacci
|
|
Batting: RHB Victor Contreras
|
0-0: Ball 1-0: Called Strike 1-1: Ball 2-1: Called Strike 2-2: Ball 3-2: Foul Ball, location: 2F 3-2: Foul Ball, location: 2F 3-2: Base on Balls
|
|
Batting: RHB Pete Deschamps
|
0-0: Ball 1-0: Fielders Choice at 2nd, 4-6 (Groundball, 4S, EV 81.2 MPH)
|
|
Batting: LHB Bobby Gambrell
|
0-0: Foul Ball, location: 2F 0-1: Foul Ball, location: 2F 0-2: Ball 1-2: DOUBLE (Groundball, 5L, EV 101.9 MPH) Pete Deschamps to third Runner from 3rd tries for Home, SAFE, no throw by LF
|
|
Batting: RHB Pleun Smit
|
0-0: Called Strike 0-1: Ground out 6-3 (Groundball, 6, EV 106.2 MPH)
|
|
Batting: RHB Ben Hoffman
|
0-0: Ball 1-0: Called Strike 1-1: Called Strike 1-2: DOUBLE (Line Drive, 7LM, EV 95.0 MPH) Bobby Gambrell scores
|
|
Batting: SHB Cesar Arteaga
|
0-0: Ball 1-0: Ball 2-0: Called Strike 2-1: Ground out 6-3 (Groundball, 6M, EV 106.2 MPH)
|
| Bottom of the 2nd over - 2 runs, 2 hits, 0 errors, 1 left on base; Brooklyn 0 - Tri-City 4 |
| TOP OF THE 3RD |
|
Brooklyn Cyclones batting - Pitching for Tri-City Dust Devils : RHP Roger Watkins
|
|
Batting: RHB Mike Mathews
|
0-0: Ball 1-0: Ball 2-0: Called Strike 2-1: Ground out 5-3 (Groundball, 25, EV 83.8 MPH)
|
|
Batting: RHB Victor Reyes
|
0-0: Ball 1-0: Foul Ball, location: 2F 1-1: Called Strike 1-2: Strikes out swinging
|
|
Batting: SHB Duri Chilemba
|
0-0: Ground out 6-3 (Groundball, 6, EV 83.1 MPH)
|
| Top of the 3rd over - 0 runs, 0 hits, 0 errors, 0 left on base; Brooklyn 0 - Tri-City 4 |
| BOTTOM OF THE 3RD |
|
Tri-City Dust Devils batting - Pitching for Brooklyn Cyclones : RHP Sandro Fibonacci
|
|
Batting: RHB Yuusei Narita
|
0-0: Ball 1-0: Ball 2-0: Ball 3-0: Called Strike 3-1: Foul Ball, location: 2F 3-2: Foul Ball, location: 2F 3-2: Base on Balls
|
|
Batting: LHB Justin Rankin
|
0-0: Called Strike 0-1: Ball 1-1: Grounds into double play, 5-4-3 (Groundball, 5, EV 95.6 MPH)
|
|
Batting: RHB Andy Solorzano
|
0-0: Swinging Strike 0-1: Fly out, F8 (Flyball, 8LXD, EV 90.0 MPH)
|
| Bottom of the 3rd over - 0 runs, 0 hits, 0 errors, 0 left on base; Brooklyn 0 - Tri-City 4 |
| TOP OF THE 4TH |
|
Brooklyn Cyclones batting - Pitching for Tri-City Dust Devils : RHP Roger Watkins
|
|
Batting: LHB Matt Baker
|
0-0: Ball 1-0: Called Strike 1-1: Fly out, F9 (Flyball, 9, EV 93.1 MPH)
|
|
Batting: LHB Elmo Dreier
|
0-0: TRIPLE (Line Drive, 78XD, EV 100.6 MPH)
|
|
Batting: RHB Sang-ton Pak
|
0-0: Ball 1-0: Foul Ball, location: 2F 1-1: Ground out 5-3 (Groundball, 5, EV 94.4 MPH)
|
|
Batting: RHB Bill Crogan
|
0-0: Called Strike 0-1: Ball 1-1: Ground out 6-3 (Groundball, 6, EV 83.1 MPH)
|
| Top of the 4th over - 0 runs, 1 hit, 0 errors, 1 left on base; Brooklyn 0 - Tri-City 4 |
| BOTTOM OF THE 4TH |
|
Tri-City Dust Devils batting - Pitching for Brooklyn Cyclones : RHP Sandro Fibonacci
|
|
Batting: RHB Victor Contreras
|
0-0: Called Strike 0-1: Ball 1-1: Swinging Strike 1-2: Strikes out swinging, 2-3 out at first.
|
|
Batting: RHB Pete Deschamps
|
0-0: Ball 1-0: Hit by Pitch
|
|
Batting: LHB Bobby Gambrell
|
0-0: Ball 1-0: Ball 2-0: Swinging Strike 2-1: Ball 3-1: Foul Ball, location: 2F 3-2: Foul Ball, location: 2F 3-2: Ground out 6-3 (Groundball, 6M, EV 103.8 MPH) Pete Deschamps to second
|
|
Batting: RHB Pleun Smit
|
0-0: Ball 1-0: Swinging Strike 1-1: Ball 2-1: DOUBLE (Line Drive, 78D, EV 106.9 MPH) Pete Deschamps scores
|
|
Pitching: LHP Dan Clausing
|
|
|
Batting: RHB Ben Hoffman
|
0-0: Ball 1-0: Called Strike 1-1: Foul Ball, location: 2F 1-2: Strikes out swinging
|
| Bottom of the 4th over - 1 run, 1 hit, 0 errors, 1 left on base; Brooklyn 0 - Tri-City 5 |
| TOP OF THE 5TH |
|
Brooklyn Cyclones batting - Pitching for Tri-City Dust Devils : RHP Roger Watkins
|
|
Batting: RHB Prabhukumar Santhanakrishnan
|
0-0: Ball 1-0: Ball 2-0: Foul Ball, location: 2F 2-1: Ball 3-1: Base on Balls
|
|
Batting: RHB Rich Cracchiolo
|
0-0: Called Strike 0-1: Foul Ball, location: 2F 0-2: Strikes out swinging
|
|
Batting: RHB Mike Mathews
|
0-0: Ball Prabhukumar Santhanakrishnan steals 2nd base (no throw) 1-0: Ball 2-0: Swinging Strike 2-1: Foul Ball, location: 2F 2-2: Strikes out swinging
|
|
Batting: RHB Victor Reyes
|
0-0: SINGLE (Groundball, 6D, EV 100.0 MPH) Prabhukumar Santhanakrishnan to third Runner from 3rd tries for Home, SAFE, throw by CF to home Victor Reyes to second
|
|
Batting: SHB Duri Chilemba
|
0-0: Ball 1-0: Called Strike 1-1: Foul Ball, location: 2F 1-2: Ball 2-2: Strikes out swinging
|
| Top of the 5th over - 1 run, 1 hit, 0 errors, 1 left on base; Brooklyn 1 - Tri-City 5 |
| BOTTOM OF THE 5TH |
|
Tri-City Dust Devils batting - Pitching for Brooklyn Cyclones : LHP Dan Clausing
|
|
Batting: SHB Cesar Arteaga
|
0-0: Ball 1-0: Swinging Strike 1-1: Swinging Strike 1-2: Ball 2-2: Foul Ball, location: 2F 2-2: Foul Ball, location: 2F 2-2: Strikes out swinging
|
|
Batting: RHB Yuusei Narita
|
0-0: Foul Ball, location: 2F 0-1: Called Strike 0-2: Ball 1-2: Ball 2-2: Ball 3-2: Foul Ball, location: 2F 3-2: Foul Ball, location: 2F 3-2: Foul Ball, location: 2F 3-2: Ground out 6-3 (Groundball, 6S, EV 86.9 MPH)
|
|
Batting: LHB Justin Rankin
|
0-0: Foul Ball, location: 2F 0-1: Foul Ball, location: 2F 0-2: Ball 1-2: Ball 2-2: Ground out 4-3 (Groundball, 4, EV 84.4 MPH)
|
| Bottom of the 5th over - 0 runs, 0 hits, 0 errors, 0 left on base; Brooklyn 1 - Tri-City 5 |
| TOP OF THE 6TH |
|
Brooklyn Cyclones batting - Pitching for Tri-City Dust Devils : RHP Roger Watkins
|
|
Batting: LHB Matt Baker
|
0-0: Foul Ball, location: 2F 0-1: Ground out 3-1 (Groundball, 34, EV 103.1 MPH)
|
|
Batting: LHB Elmo Dreier
|
0-0: Ground out 4-3 (Groundball, 34, EV 88.8 MPH)
|
|
Batting: RHB Sang-ton Pak
|
0-0: Ground out 6-3 (Groundball, 6M, EV 89.4 MPH)
|
| Top of the 6th over - 0 runs, 0 hits, 0 errors, 0 left on base; Brooklyn 1 - Tri-City 5 |
| BOTTOM OF THE 6TH |
|
Tri-City Dust Devils batting - Pitching for Brooklyn Cyclones : LHP Dan Clausing
|
|
Batting: RHB Andy Solorzano
|
0-0: Called Strike 0-1: Ball 1-1: Swinging Strike 1-2: Strikes out swinging
|
|
Batting: RHB Victor Contreras
|
0-0: Ball 1-0: Ball 2-0: Ball 3-0: Called Strike 3-1: Base on Balls
|
|
Batting: RHB Pete Deschamps
|
0-0: Called Strike 0-1: Foul Ball, location: 2F 0-2: Ball 1-2: Ball 2-2: SINGLE (Groundball, 56D, EV 107.5 MPH) Victor Contreras to second
|
|
Batting: LHB Bobby Gambrell
|
0-0: Ball 1-0: Called Strike 1-1: Foul Ball, location: 2F 1-2: Strikes out swinging
|
|
Batting: RHB Pleun Smit
|
0-0: Ball Passed Ball! Victor Contreras to third Pete Deschamps to second 1-0: Foul Ball, location: 2F 1-1: Swinging Strike 1-2: Ball 2-2: Ball 3-2: Base on Balls
|
|
Batting: RHB Ben Hoffman
|
0-0: Ball Wild Pitch! Victor Contreras scores Pete Deschamps to third Pleun Smit to second 1-0: Ball 2-0: Ground out U3 (Groundball, 13, EV 92.5 MPH)
|
| Bottom of the 6th over - 1 run, 1 hit, 0 errors, 2 left on base; Brooklyn 1 - Tri-City 6 |
| TOP OF THE 7TH |
|
Brooklyn Cyclones batting - Pitching for Tri-City Dust Devils : RHP Roger Watkins
|
|
Batting: RHB Bill Crogan
|
0-0: Ball 1-0: Ball 2-0: Foul Ball, location: 2F 2-1: Ball 3-1: Base on Balls
|
|
Batting: RHB Prabhukumar Santhanakrishnan
|
0-0: Ball 1-0: Called Strike 1-1: Swinging Strike 1-2: Ball 2-2: Foul Ball, location: 2F 2-2: Foul Ball, location: 2F 2-2: Fielders Choice at 2nd, 4-6 (Groundball, 34, EV 80.0 MPH)
|
|
Batting: RHB Rich Cracchiolo
|
0-0: Ball Prabhukumar Santhanakrishnan steals 2nd base 1-0: Ball 2-0: Called Strike 2-1: Foul Ball, location: 2F 2-2: Fly out, F7 (Flyball, 78D, EV 77.5 MPH)
|
|
Batting: RHB Mike Mathews
|
0-0: Fly out, F9 (Flyball, 9LM, EV 95.0 MPH)
|
| Top of the 7th over - 0 runs, 0 hits, 0 errors, 1 left on base; Brooklyn 1 - Tri-City 6 |
| BOTTOM OF THE 7TH |
|
Tri-City Dust Devils batting - Pitching for Brooklyn Cyclones : LHP Dan Clausing
|
|
Batting: SHB Cesar Arteaga
|
0-0: Ball 1-0: Called Strike 1-1: Foul Ball, location: 2F 1-2: Foul Ball, location: 2F 1-2: Foul Ball, location: 2F 1-2: Foul Ball, location: 2F 1-2: Strikes out looking
|
|
Batting: RHB Yuusei Narita
|
0-0: Called Strike 0-1: Called Strike 0-2: Ground out 6-3 (Groundball, 6, EV 100.6 MPH)
|
|
Pitching: RHP John Stepanian
|
|
|
Batting: LHB Justin Rankin
|
0-0: Ball 1-0: Swinging Strike 1-1: Swinging Strike 1-2: Ground out 6-3 (Groundball, 6, EV 108.1 MPH)
|
| Bottom of the 7th over - 0 runs, 0 hits, 0 errors, 0 left on base; Brooklyn 1 - Tri-City 6 |
| TOP OF THE 8TH |
|
Brooklyn Cyclones batting - Pitching for Tri-City Dust Devils : RHP Roger Watkins
|
|
Batting: RHB Victor Reyes
|
0-0: Ball 1-0: Ground out 4-3 (Groundball, 4M, EV 108.8 MPH)
|
|
Batting: SHB Duri Chilemba
|
0-0: Ball 1-0: Foul Ball, location: 2F 1-1: Ball 2-1: SINGLE (Groundball, 6MD, EV 95.0 MPH)
|
|
Batting: LHB Matt Baker
|
0-0: Called Strike 0-1: Called Strike 0-2: DOUBLE (Line Drive, 9LM, EV 108.8 MPH) Duri Chilemba to third Runner from 3rd tries for Home, throw by RF and OUT! 9-4-2
|
|
Batting: LHB Elmo Dreier
|
0-0: Ball 1-0: Ball 2-0: Called Strike 2-1: Ground out 4-3 (Groundball, 4D, EV 106.2 MPH)
|
| Top of the 8th over - 0 runs, 2 hits, 0 errors, 1 left on base; Brooklyn 1 - Tri-City 6 |
| BOTTOM OF THE 8TH |
|
Tri-City Dust Devils batting - Pitching for Brooklyn Cyclones : RHP John Stepanian
|
|
Batting: RHB Andy Solorzano
|
0-0: Called Strike 0-1: Swinging Strike 0-2: Ball 1-2: Fly out, F8 (Flyball, 8RS, EV 76.9 MPH)
|
|
Batting: RHB Victor Contreras
|
0-0: Ground out 6-3 (Groundball, 6, EV 100.0 MPH)
|
|
Batting: RHB Pete Deschamps
|
0-0: Ball 1-0: Called Strike 1-1: Ball 2-1: Ball 3-1: Foul Ball, location: 2F 3-2: Ground out 6-3 (Groundball, 6, EV 79.4 MPH)
|
| Bottom of the 8th over - 0 runs, 0 hits, 0 errors, 0 left on base; Brooklyn 1 - Tri-City 6 |
| TOP OF THE 9TH |
|
Brooklyn Cyclones batting - Pitching for Tri-City Dust Devils : RHP Roger Watkins
|
|
Batting: RHB Sang-ton Pak
|
0-0: Ball 1-0: Ball 2-0: Ball 3-0: Base on Balls
|
|
Batting: RHB Bill Crogan
|
0-0: Grounds into double play, 4-6-3 (Groundball, 4, EV 85.0 MPH)
|
|
Batting: RHB Prabhukumar Santhanakrishnan
|
0-0: Called Strike 0-1: Ground out 6-3 (Groundball, 6, EV 86.9 MPH)
|
| Top of the 9th over - 0 runs, 0 hits, 0 errors, 0 left on base; Brooklyn 1 - Tri-City 6 |
|